AoeStats
← AndreTheGiant34

Arena

510460721Analyzed
2v2 RM · 5h ago on Oct 1, 2026· 46m 25s· 4 players
Game mode
Random Map
Map size
Medium (4 player)
Population
200
Speed
Normal
Resources
Standard
Victory
Conquest
Starting age
Dark Age
Ending age
Imperial Age
RankedLock teamsTeams togetherTeam positionsShared explorationLock speedFull tech treeHidden civsTurbo modeCheats
Victory
Defeat
🇨🇳 Ethiopians · China
905
+10
🇫🇷 Britons · France
831
+14
🇺🇸 Aztecs · United States
769
-12
🇺🇸 Bohemians · United States
769
-12
Niqor2642
5:19 Loom
11:39 Feudal Age
19:08 Castle Age
17:18 Gold Mining
17:24 Double-Bit Axe
17:29 Horse Collar
18:05 Stone Mining
19:04 Fletching
19:17 Padded Archer Armor
20:46 Crossbowman
22:54 Wheelbarrow
23:06 Bow Saw
27:54 Ballistics
27:20 Treadmill Crane
28:27 Heavy Plow
28:26 Bodkin Arrow
28:16 Light Cavalry
29:01 Husbandry
35:46 Imperial Age
33:35 Hand Cart
34:01 Gold Shaft Mining
34:04 Leather Archer Armor
34:22 Scale Barding Armor
35:35 Forging
36:44 Yeomen
36:45 Bracer
38:11 Chemistry
38:03 Chain Barding Armor
38:41 Elite Longbowman
40:34 Ring Archer Armor
41:23 Town Watch
42:15 Iron Casting
42:16 Plate Barding Armor
43:02 Two-Man Saw
42:38 Cavalier
44:23 Blast Furnace
45:40 Arrowslits
46:52 Hoardings
顺手牵羊
5:32 Loom
10:30 Feudal Age
11:05 Double-Bit Axe
11:02 Horse Collar
14:23 Gold Mining
18:26 Castle Age
16:47 Stone Mining
19:50 Gold Shaft Mining
19:52 Stone Shaft Mining
19:35 Bow Saw
20:50 Heavy Plow
21:04 Husbandry
23:37 Fletching
32:52 Imperial Age
30:43 Forging
30:34 Scale Mail Armor
33:12 Ballistics
32:48 Murder Holes
33:01 Royal Heirs
33:40 Iron Casting
36:15 Two-Man Saw
36:48 Chemistry
38:57 Conscription
43:57 Elite Shotel Warrior
AndreTheGiant34
11:29 Feudal Age
11:54 Horse Collar
12:03 Double-Bit Axe
14:24 Gold Mining
16:31 Stone Mining
24:12 Castle Age
22:41 Forging
22:32 Scale Mail Armor
22:38 Arson
24:08 Fletching
24:40 Padded Archer Armor
25:44 Wheelbarrow
25:12 Loom
27:44 Bow Saw
28:29 Fortified Wall
32:51 Imperial Age
30:11 Elite Skirmisher
31:31 Leather Archer Armor
33:22 Bodkin Arrow
34:49 Stone Shaft Mining
35:41 Hand Cart
36:31 Ballistics
38:34 Chemistry
37:58 Heavy Plow
38:25 Conscription
37:48 Pikeman
39:12 Bracer
40:24 Squires
40:10 Gambesons
41:48 Atlatl
44:21 Iron Casting
44:02 Chain Mail Armor
bt.wall.20
11:11 Feudal Age
10:58 Loom
16:44 Castle Age
15:05 Horse Collar
15:53 Double-Bit Axe
18:11 Heavy Plow
20:07 Fervor
24:54 Pikeman
28:20 Imperial Age
28:55 Imperial Age
27:29 Fortified Wall
30:50 Chemistry
31:07 Wheelbarrow
31:04 Conscription
32:22 Bow Saw
32:47 Wagenburg Tactics
33:24 Scale Mail Armor
33:25 Padded Archer Armor
33:43 Masonry
34:16 Siege Engineers
35:42 Hand Cart
36:40 Elite Skirmisher
38:08 Architecture
38:01 Forging
38:07 Leather Archer Armor
39:27 Husbandry
38:47 Light Cavalry
41:00 Houfnice
42:22 Iron Casting
42:05 Chain Mail Armor
42:21 Ring Archer Armor
41:55 Squires
42:28 Ballistics
42:19 Town Watch
42:16 Halberdier
44:28 Two-Man Saw
Connection lost

Rejoining the realm…

Still unreachable

The connection could not be restored.

Session expired

The server has moved on; the page needs a fresh start.